 Dungeon Crawl Stone Soup version 0.30-a0-883-g5ad918d (webtiles) character file.

Game seed: 13712855115941346377

30 Illumine the Caller (level 3, -11/26 HPs)
             Began as a Meteoran Summoner on Mar 17, 2023.
             Mangled by a gnoll
             ... wielding a +0 halberd
              (14 damage)
             ... on level 3 of the Dungeon.
             The game lasted 00:02:36 (794 turns).

Illumine the Caller (Meteoran Summoner)              Turns: 794, Time: 00:02:37

Health: -11/26     AC:  2    Str:  9    XL:     3   Next: 58%
Magic:  0/8        EV: 12    Int: 19    God:
Gold:   31         SH:  0    Dex: 14    Spells: 2/8 levels left

rFire   . . .      SeeInvis .    f - +0 spear
rCold   . . .      Faith    +    (no shield)
rNeg    . . .      Spirit   .    a - +0 robe
rPois   +          Reflect  .    (no helmet)
rElec   .          Rampage  .    (no cloak)
rCorr   .                        (no gloves)
Will    .....                    (no boots)
Stlth   +                        m - amulet of faith
HPRegen 0.24/turn                c - ring of poison resistance
MPRegen 0.11/turn                (no ring)

@: glowing
A: sense surroundings 1, otherworldly, glowing, explore regen
a: no special abilities


You were on level 3 of the Dungeon.
You visited 1 branch of the dungeon, and saw 3 of its levels.

You collected 31 gold pieces.

Inventory:

Hand Weapons
 f - a +0 spear (weapon)
 j - a +0 sling
Armour
 a - a +0 robe (worn)
 k - an orb of guile
Jewellery
 c - a ring of poison resistance (left hand)
 m - an amulet of faith (around neck)
Scrolls
 e - a scroll of enchant weapon {unknown}
 g - a scroll of teleportation {unknown}
 h - a scroll of fog {unknown}
 i - a scroll of brand weapon {unknown}
 l - 3 scrolls of enchant armour {unknown}
Potions
 b - a potion of magic
 d - a potion of lignification {unknown}


   Skills:
 - Level 2.7 Dodging
 - Level 1.6 Stealth
 + Level 3.4 Spellcasting
 + Level 5.3 Summonings


You had 2 spell levels left.
You knew the following spells:

 Your Spells              Type           Power      Damage    Failure   Level
a - Summon Small Mammal   Summ           92%        N/A       1%          1
b - Call Imp              Summ           23%        N/A       2%          2
c - Call Canine Familiar  Summ           23%        N/A       4%          3

Your spell library contained the following spells:

 Spells                   Type           Power      Damage    Failure   Level
 Summon Guardian Golem    Hex/Summ       13%        N/A       14%         3
 Ozocubu's Armour         Ice            3%         N/A       41%         3
 Summon Lightning Spire   Summ/Air       13%        N/A       43%         4
 Ozocubu's Refrigeration  Ice            1%         4d7       100%        7


Dungeon Overview and Level Annotations

Branches:
Dungeon (3/15) Zot: 1002

Altars:


Innate Abilities, Weirdness & Mutations

You passively map a small area around you.
You are easily found by Zot.
You glow in the dark.
You regain HP and MP as you explore.


Message History

The gnoll is moderately wounded.
Your hound barely misses the gnoll.
The gnoll barely misses your hound.
Your quokka completely misses the gnoll.
The gnoll misses your crimson imp.
Your hound bites the gnoll.
Unknown command.
You reach to attack!
You hit the gnoll but do no damage.
The gnoll is moderately wounded.
The gnoll closely misses your hound.
The gnoll hits your hound with a +0 halberd!
Your quokka closely misses the gnoll.
Your hound barely misses the gnoll.
Unknown command.
Casting: Summon Small Mammal (safe; 1% risk of failure)
Confirm with . or Enter, or press ? or * to list all spells.
A metallic apparition takes form in the air.
Your hound barely misses the gnoll.
Your quokka bites the gnoll but does no damage.
The gnoll closely misses your hound.
The gnoll hits your hound with a +0 halberd!
Your hound dies!
Your hound's corpse disappears in a puff of smoke!
Your quokka bites the gnoll but does no damage.
The gnoll throws a throwing net.
The throwing net barely misses you.
Unknown command.
The gnoll closely misses your quokka.
Your quokka closely misses the gnoll.
Casting: Call Imp (safe; 2% risk of failure)
Confirm with . or Enter, or press ? or * to list all spells.
The spell is quite dangerous to miscast (4% risk of failure)!
Continue anyway?
Your quokka closely misses the gnoll.
You swap places.
Your quokka bites the gnoll.
The gnoll hits you with a +0 heavy flail!!
Ouch! That really hurt!
* * * LOW HITPOINT WARNING * * *
The gnoll closely misses you.
Your hound bites the gnoll.
Your iron imp hits the gnoll.
Unknown command.
You swap places.
Your hound bites the gnoll.
The gnoll dies!
The gnoll hits you from afar with a +0 halberd!
Ouch! That really hurt!
You die...

........#.#######*
#####.##......... *
#####.##.......###### *
........#.#.#.#.......
.####.#.........(..... ,
......#.#.#.#.#......,
,,..........h......!...,
.###..#.#.#)#g#.#.....,
#..(....@5g)r...... ,
#.#.#.#.#.#.#.#... ,
#.........(.......:
#..#.#.#.#.#.#.....
##............).... ,
##.#.#.#.#.#...... ,
#..........###### ,,
#..#.#.#.#.# #.#....
...# *


You could see 2 gnolls, a friendly hound (summoned), a friendly iron imp
(summoned) and a friendly quokka (summoned).

Vanquished Creatures
  A ball python (D:2)
  A bat (D:1)
  An endoplasm (D:3)
  2 frilled lizards (D:2)
  A rat (D:2)
6 creatures vanquished.

Vanquished Creatures (collateral kills)
  2 gnolls (D:3)
  3 dart slugs
  A ball python (D:2)
  An endoplasm (D:3)
  A kobold (D:2)
  2 bats
10 creatures vanquished.

Grand Total: 16 creatures vanquished

Notes
Turn   | Place    | Note
-------+----------+-------------------------------------------
     0 | D:1      | Illumine the Meteoran Summoner began the quest for the Orb.
     0 | D:1      | Reached XP level 1. HP: 14/14 MP: 5/5
   285 | D:2      | Reached XP level 2. HP: 18/20 MP: 4/6
   290 | D:2      | Learned a level 2 spell: Call Imp
   343 | D:2      | Reached skill level 5 in Summonings
   612 | D:2      | Reached XP level 3. HP: 23/26 MP: 5/8
   754 | D:3      | Learned a level 3 spell: Call Canine Familiar
   794 | D:3      | Mangled by a gnoll

Illustrated notes

Levels and vault maps discovered:
D:1:      minmay_arrival_radiant_lines, layout_loops_corners
D:2:      layout_loops_corners
D:3:      layout_basic, st_stairs_3, hex_medium, chequers_decorated_corner

Skill      XL: |  1  2 |
---------------+-------+-----
Summonings     | 5 |  5.3
Spellcasting   | 3 |  3.4
Dodging        | |  2.7
Stealth        | |  1.6

Action                     || total
---------------------------++-------
  Melee: Unarmed           ||    16
         Spear             ||    22
   Cast: Summon Small Mamm ||    12
         Call Imp          ||     5
         Call Canine Famil ||     2
 Armour: Robe              ||     8
  Dodge: Dodged            ||    19

Table legend: (Time is in decaauts)
 A = Elapsed time spent in this place.
 B = Non-inter-level travel time spent in this place.
 C = Inter-level travel time spent in this place.
 D = Time resting spent in this place.
 E = Time spent auto-exploring this place.
 F = Levels seen in this place.
 G = Mean time per level.
                   A        B        C        D        E       F      G
               +--------+--------+--------+--------+--------+-----+--------+
         Total |    796 |    772 |     24 |     15 |    507 |   3 |  265.3 |
       Dungeon |    796 |    772 |     24 |     15 |    507 |   3 |  265.3 |
               +--------+--------+--------+--------+--------+-----+--------+

Top non-repeatable levels by time:
     D:2: 475 daAuts
     D:1: 272 daAuts
     D:3: 48 daAuts
